 Dungeon Crawl Stone Soup version 0.19.1-1-g22dce08 (webtiles) character file.

347 somonday the Conjurer (level 6, 0/41 HPs)
             Began as a Mummy Wizard on Jan 19, 2017.
             Was an Initiate of Vehumet.
             Slain by Pikel
             ... wielding a +1 whip of flaming
              (5 damage)
             ... on level 4 of the Dungeon.
             The game lasted 00:26:31 (5290 turns).

somonday the Conjurer (Mummy Wizard)                Turns: 5290, Time: 00:26:32

Health: 0/41       AC:  1    Str: 12    XL:     6   Next: 33%
Magic:  1/10       EV: 12    Int: 19    God:    Vehumet [......]
Gold:   118        SH:  0    Dex: 11    Spells: 3 memorised, 5 levels left

rFire  x . .     SeeInvis .     d - +0 hand axe
rCold  + . .     Gourm    .     (no armour)
rNeg   + + +     Faith    .     (no shield)
rPois  ∞         Spirit   .     b - +0 hat
rElec  .         Reflect  .     (no cloak)
rCorr  .         Harm     .     (no gloves)
MR     .....                    k - +0 pair of boots
Stlth  ++........               (no amulet)
                                l - +3 ring of slaying
                                i - +2 ring of strength

@: very slightly contaminated
A: no food or potions, fire vulnerability, cold resistance 1, negative energy
resistance 3, torment resistance, unbreathing
a: Renounce Religion


You were on level 4 of the Dungeon.
You worshipped Vehumet.
Vehumet was noncommittal.
You were not hungry.

You visited 1 branch of the dungeon, and saw 4 of its levels.

You collected 118 gold pieces.

Inventory:

Hand Weapons
 d - a +0 hand axe (weapon)
Armour
 a - a +0 robe
 b - a +0 hat (worn)
 f - a +1 leather armour of positive energy
 k - a +0 pair of boots (worn)
Jewellery
 i - a +2 ring of strength (left hand)
 l - a +3 ring of slaying (right hand)
Wands
 o - a wand of teleportation (4/9)
Scrolls
 e - 3 scrolls of identify {unknown}
 g - 2 scrolls of remove curse {unknown}
 h - a scroll of random uselessness {unknown}
 j - a scroll of amnesia {unknown}
 m - a scroll of noise {unknown}
 n - 2 scrolls of enchant weapon {unknown}
Books
 c - a book of Minor Magic

   Spells                             Type                      Level
   a - Magic Dart                     Conjuration                  1
   b - Blink                          Translocation                2
   c - Call Imp                       Summoning                    2
   d - Repel Missiles                 Charms/Air                   2
   e - Slow                           Hexes                        2
   f - Conjure Flame                  Conjuration/Fire             3
   g - Mephitic Cloud                 Conjuration/Poison/Air       3


   Skills:
 - Level 1.0 Axes
 - Level 1.5 Dodging
 - Level 1.5 Stealth
 - Level 3.0 Spellcasting
 - Level 4.1 Conjurations
   Level 0.7 Summonings
 + Level 2.9 Translocations
 - Level 0.2 Air Magic
 - Level 0.2 Poison Magic


You had 5 spell levels left.
You knew the following spells:

 Your Spells              Type           Power        Failure   Level  Hunger
a - Magic Dart            Conj           ###.         3%          1    N/A
b - Mephitic Cloud        Conj/Pois/Air  #.......     28%         3    N/A
c - Blink                 Tloc           N/A          10%         2    N/A

Dungeon Overview and Level Annotations

Branches:
Dungeon (4/15)
 Temple: D:4-7

Altars:
Vehumet
Xom
Zin

Shops:
D:4 =

Annotations:
D:3 ponk's ghost, amateur DsAK
D:4 Pikel


Innate Abilities, Weirdness & Mutations

You do not eat or drink.
Your flesh is vulnerable to fire.
You are immune to poison.
Your flesh is cold resistant. (rC+)
You are immune to negative energy. (rN+++)
You are immune to unholy pain and torment.
You can survive without breathing.


Message History

You miscast Mephitic Cloud.
You are very lightly contaminated with residual magic.
You are blasted with air!
Pikel hits you with a whip of flaming!
* * * LOW HITPOINT WARNING * * *
Pikel burns you.
* * * LOW HITPOINT WARNING * * *
Casting: Mephitic Cloud
Confirm with . or Enter, or press ? or * to list all spells.
Aiming: Mephitic Cloud
Press: ? - help, Shift-Dir - straight line, f/p - Pikel
Aim: Pikel, wielding a whip of flaming and wearing a robe (lightly wounded)
You miscast Mephitic Cloud.
You feel sick. Pikel completely misses you.
Casting: Mephitic Cloud
Confirm with . or Enter, or press ? or * to list all spells.
Aiming: Mephitic Cloud
Press: ? - help, Shift-Dir - straight line, f/p - Pikel
Aim: Pikel, wielding a whip of flaming and wearing a robe (lightly wounded)
You miscast Mephitic Cloud.
Nothing appears to happen.
Pikel hits you with a whip of flaming.
You die...

... .. ... . .#. .... . ..
##... ###.#. ##...
....#.####..#
###..........#
....#....@K<.#
.#.(..).......#
..........##### ###
#.........§.##...... #
####.........#)........ #?
.............###.....#
..###..............#.....#
[........................
........#.....#.......#


You could see Pikel.

Vanquished Creatures
  Edmund (D:4)
  4 slaves (D:3)
  An orc priest (D:3)
  2 orc wizards (D:3)
  A worker ant (D:3)
  4 gnolls
  2 adders
  An ooze (D:1)
  A dart slug (D:1)
  2 worms (D:2)
  2 leopard geckos
  4 orcs
  3 ball pythons
  5 giant cockroaches
  4 goblins
  5 hobgoblins
  6 jackals
  2 quokkas
  8 bats
  8 frilled lizards
  5 kobolds
  7 rats
78 creatures vanquished.

Vanquished Creatures (others)
  An orc (D:4)
1 creature vanquished.

Grand Total: 79 creatures vanquished

Notes
Turn   | Place    | Note
-------+----------+-------------------------------------------
     0 | D:1      | somonday the Mummy Wizard began the quest for the Orb.
     0 | D:1      | Reached XP level 1. HP: 13/13 MP: 4/4
    49 | D:1      | Reached skill level 1 in Conjurations
   379 | D:2      | Reached XP level 2. HP: 6/19 MP: 0/6
   836 | D:2      | Reached skill level 2 in Conjurations
  1423 | D:2      | Reached XP level 3. HP: 24/24 MP: 5/7
  1462 | D:2      | Found a glowing silver altar of Zin.
  1755 | D:1      | Reached skill level 1 in Axes
  2229 | D:2      | Learned a level 3 spell: Mephitic Cloud
  2232 | D:2      | Learned a level 2 spell: Blink
  2408 | D:2      | Reached XP level 4. HP: 29/30 MP: 5/8
  2658 | D:3      | Noticed ponk's ghost (amateur DsAK)
  2733 | D:3      | Reached skill level 3 in Conjurations
  3130 | D:2      | Reached XP level 5. HP: 35/35 MP: 1/9
  3748 | D:3      | Reached skill level 4 in Conjurations
  3981 | D:3      | Reached skill level 1 in Translocations
  3998 | D:3      | Found a radiant altar of Vehumet.
  3998 | D:3      | Found a shimmering altar of Xom.
  4002 | D:3      | Became a worshipper of Vehumet
  4111 | D:4      | Noticed Edmund
  4179 | D:4      | Found Dyeromep's Jewellery Emporium.
  4226 | D:4      | Killed Edmund
  4226 | D:4      | Reached XP level 6. HP: 26/41 MP: 1/10
  4335 | D:4      | Noticed a slave
  4336 | D:4      | Noticed a slave
  4337 | D:4      | Noticed a slave
  4349 | D:4      | Noticed Pikel
  4355 | D:4      | Noticed a slave
  4655 | D:3      | Killed a slave
  4781 | D:3      | Killed a slave
  4897 | D:3      | Killed a slave
  5014 | D:3      | Killed a slave
  5290 | D:4      | Slain by Pikel

Skill      XL: |  1  2  3  4  5 |
---------------+----------------+-----
Conjurations   | 1 2 3 4 |  4.1
Axes           | 1 |  1.0
Translocations | 2 |  2.9
Dodging        | |  1.5
Stealth        | |  1.5
Spellcasting   | |  3.0
Summonings     | |  0.7
Air Magic      | |  0.2
Poison Magic   | |  0.2

Action                   |  1- 3 |  4- 6 || total
-------------------------+-------+-------++-------
Melee: Unarmed           |    17 |       ||    17
       Hand axe          |    32 |   160 ||   192
 Cast: Magic Dart        |   104 |    53 ||   157
       Mephitic Cloud    |       |    28 ||    28
 Stab: Confused          |       |    17 ||    17
Armor: Robe              |     7 |       ||     7
       Leather armour    |     4 |     2 ||     6
       Skin              |       |     3 ||     3
Dodge: Dodged            |    47 |    59 ||   106
